TOP OF THE 1ST |
Nassau Rockets batting - Pitching for Hendersonville Hitmen : RHP Samuel Émond
|
Pitching: RHP Samuel Émond
|
|
Batting: RHB Sadayoshi Kato
|
0-0: Called Strike 0-1: Called Strike 0-2: Strikes out swinging
|
Batting: SHB Howard Parker
|
0-0: Ball 1-0: Ball 2-0: Foul Ball, location: 2F 2-1: Foul Ball, location: 2F 2-2: Foul Ball, location: 2F 2-2: Ground out 6-3 (Groundball, 6)
|
Batting: LHB Alden Lindsey
|
0-0: Foul Ball, location: 2F 0-1: Called Strike 0-2: Fly out, F7 (Flyball, 78D)
|
Top of the 1st over - 0 run(s), 0 hit(s), 0 error(s), 0 left on base; Nassau 0 - Hendersonville 0 |
BOTTOM OF THE 1ST |
Hendersonville Hitmen batting - Pitching for Nassau Rockets : RHP Jason Drake
|
Pitching: RHP Jason Drake
|
|
Batting: RHB Carlos García
|
0-0: Fly out, F8 (Flyball, 8RD)
|
Batting: RHB Robert Buckley
|
0-0: Called Strike 0-1: Ball 1-1: Fly out, F3 (Popup, 23)
|
Batting: RHB Manolo Román
|
0-0: Ball 1-0: Swinging Strike 1-1: Foul Ball, location: 2F 1-2: Foul Ball, location: 2F 1-2: SOLO HOME RUN (Line Drive, 7D), Distance : 411 ft
|
Batting: LHB Lorenzo Villa
|
0-0: Ball 1-0: Ball 2-0: Ball 3-0: Ground out 4-3 (Groundball, 4)
|
Bottom of the 1st over - 1 run(s), 1 hit(s), 0 error(s), 0 left on base; Nassau 0 - Hendersonville 1 |
TOP OF THE 2ND |
Nassau Rockets batting - Pitching for Hendersonville Hitmen : RHP Samuel Émond
|
Batting: LHB Jarred Jackson
|
0-0: Ball 1-0: Called Strike 1-1: Swinging Strike 1-2: Foul Ball, location: 2F 1-2: Ball 2-2: Strikes out swinging
|
Batting: SHB Suezo Sugimoto
|
0-0: Foul Ball, location: 2F 0-1: Foul Ball, location: 2F 0-2: Ball 1-2: Foul Ball, location: 2F 1-2: Fly out, F7 (Flyball, 78M)
|
Batting: RHB Ed Sims
|
0-0: Ball 1-0: Ball 2-0: Ground out 6-3 (Groundball, 6)
|
Top of the 2nd over - 0 run(s), 0 hit(s), 0 error(s), 0 left on base; Nassau 0 - Hendersonville 1 |
BOTTOM OF THE 2ND |
Hendersonville Hitmen batting - Pitching for Nassau Rockets : RHP Jason Drake
|
Batting: RHB Alonso Holguín
|
0-0: Called Strike 0-1: Foul Ball, location: 2F 0-2: Foul Ball, location: 2F 0-2: Ball 1-2: Strikes out swinging
|
Batting: LHB Jerry Johnston
|
0-0: Called Strike 0-1: Ball 1-1: Swinging Strike 1-2: Ball 2-2: Strikes out swinging
|
Batting: LHB Enrique Nalasco
|
0-0: Called Strike 0-1: Foul Ball, location: 2F 0-2: Ball 1-2: Foul Ball, location: 2F 1-2: Foul Ball, location: 2F 1-2: Strikes out swinging
|
Bottom of the 2nd over - 0 run(s), 0 hit(s), 0 error(s), 0 left on base; Nassau 0 - Hendersonville 1 |
TOP OF THE 3RD |
Nassau Rockets batting - Pitching for Hendersonville Hitmen : RHP Samuel Émond
|
Batting: RHB Victor Andrews
|
0-0: Fly out, F9 (Flyball, 89M)
|
Batting: LHB Rafael Delgado
|
0-0: Ball 1-0: Swinging Strike 1-1: Ground out 5-3 (Groundball, 56S)
|
Batting: RHB Vern Carlton
|
0-0: Fly out, F8 (Flyball, 8RM)
|
Top of the 3rd over - 0 run(s), 0 hit(s), 0 error(s), 0 left on base; Nassau 0 - Hendersonville 1 |
BOTTOM OF THE 3RD |
Hendersonville Hitmen batting - Pitching for Nassau Rockets : RHP Jason Drake
|
Batting: RHB Junior Vargas
|
0-0: Fly out, F8 (Flyball, 8LM)
|
Batting: RHB Taylor McFarland
|
0-0: Called Strike 0-1: Called Strike 0-2: Fly out, F3 (Popup, 23F)
|
Batting: RHB Carlos García
|
0-0: Ball 1-0: Foul Ball, location: 2F 1-1: Foul Ball, location: 2F 1-2: Foul Ball, location: 2F 1-2: Ball 2-2: Ball 3-2: Ground out 4-3 (Groundball, 4)
|
Bottom of the 3rd over - 0 run(s), 0 hit(s), 0 error(s), 0 left on base; Nassau 0 - Hendersonville 1 |
TOP OF THE 4TH |
Nassau Rockets batting - Pitching for Hendersonville Hitmen : RHP Samuel Émond
|
Batting: RHB Sadayoshi Kato
|
0-0: Called Strike 0-1: Ball 1-1: Called Strike 1-2: Foul Ball, location: 2F 1-2: Strikes out swinging
|
Batting: SHB Howard Parker
|
0-0: Fly out, F7 (Line Drive, 7S)
|
Batting: LHB Alden Lindsey
|
0-0: SINGLE (Flyball, 7LS)
|
Batting: LHB Jarred Jackson
|
0-0: Ball Alden Lindsey steals 2nd base 1-0: Ball 2-0: Foul Ball, location: 2F 2-1: Fly out, F9 (Flyball, 89XD)
|
Top of the 4th over - 0 run(s), 1 hit(s), 0 error(s), 1 left on base; Nassau 0 - Hendersonville 1 |
BOTTOM OF THE 4TH |
Hendersonville Hitmen batting - Pitching for Nassau Rockets : RHP Jason Drake
|
Batting: RHB Robert Buckley
|
0-0: Called Strike 0-1: Ball 1-1: Swinging Strike 1-2: Ball 2-2: Ball 3-2: Fly out, F4 (Popup, 4M)
|
Batting: RHB Manolo Román
|
0-0: Ball 1-0: Ball 2-0: SINGLE (Flyball, 3D)
|
Batting: LHB Lorenzo Villa
|
0-0: Ball 1-0: Swinging Strike 1-1: Foul Ball, location: 2F 1-2: Ball 2-2: Fly out, F9 (Flyball, 9LM)
|
Batting: RHB Alonso Holguín
|
0-0: Ball 1-0: Ball 2-0: Called Strike 2-1: Fielders Choice at 2nd, U4 (Groundball, 4M)
|
Bottom of the 4th over - 0 run(s), 1 hit(s), 0 error(s), 1 left on base; Nassau 0 - Hendersonville 1 |
TOP OF THE 5TH |
Nassau Rockets batting - Pitching for Hendersonville Hitmen : RHP Samuel Émond
|
Batting: SHB Suezo Sugimoto
|
0-0: Ball 1-0: Ball 2-0: Ball 3-0: Ground out 6-3 (Groundball, 6S)
|
Batting: RHB Ed Sims
|
0-0: Ball 1-0: Called Strike 1-1: Foul Ball, location: 2F 1-2: DOUBLE (Line Drive, 7LS)
|
Batting: RHB Victor Andrews
|
0-0: Ball 1-0: Ground out 5-3 (Groundball, 5L)
|
Batting: LHB Rafael Delgado
|
0-0: Ball 1-0: Called Strike 1-1: Ball 2-1: DOUBLE (Flyball, 7LM) Ed Sims scores
|
Batting: RHB Vern Carlton
|
0-0: Called Strike 0-1: Ball 1-1: Ball 2-1: Called Strike 2-2: Foul Ball, location: 2F 2-2: Ball 3-2: Ground out 5-3 (Groundball, 5)
|
Top of the 5th over - 1 run(s), 2 hit(s), 0 error(s), 1 left on base; Nassau 1 - Hendersonville 1 |
BOTTOM OF THE 5TH |
Hendersonville Hitmen batting - Pitching for Nassau Rockets : RHP Jason Drake
|
Batting: LHB Jerry Johnston
|
0-0: Ball 1-0: Foul Ball, location: 2F 1-1: Foul Ball, location: 2F 1-2: Strikes out swinging
|
Batting: LHB Enrique Nalasco
|
0-0: Ball 1-0: Called Strike 1-1: Foul Ball, location: 2F 1-2: Foul Ball, location: 2F 1-2: Strikes out looking
|
Batting: RHB Junior Vargas
|
0-0: Swinging Strike 0-1: Ball 1-1: Called Strike 1-2: Fly out, F8 (Flyball, 8RD)
|
Bottom of the 5th over - 0 run(s), 0 hit(s), 0 error(s), 0 left on base; Nassau 1 - Hendersonville 1 |
TOP OF THE 6TH |
Nassau Rockets batting - Pitching for Hendersonville Hitmen : RHP Samuel Émond
|
Batting: RHB Sadayoshi Kato
|
0-0: Ball 1-0: Ball 2-0: Ball 3-0: Called Strike 3-1: Foul Ball, location: 2F 3-2: Base on Balls
|
Batting: SHB Howard Parker
|
0-0: Called Strike 0-1: Ball 1-1: SINGLE (Line Drive, 6MD) Sadayoshi Kato to second
|
Batting: LHB Alden Lindsey
|
0-0: Foul Ball, location: 2F 0-1: Fly out, F7 (Popup, 7LSF)
|
Batting: LHB Jarred Jackson
|
0-0: Ball 1-0: Called Strike 1-1: Ball 2-1: Fielders Choice at 2nd, 6-4 (Groundball, 6) Sadayoshi Kato to third
|
Batting: SHB Suezo Sugimoto
|
0-0: Called Strike 0-1: Fly out, F5 (Popup, 56S)
|
Top of the 6th over - 0 run(s), 1 hit(s), 0 error(s), 2 left on base; Nassau 1 - Hendersonville 1 |
BOTTOM OF THE 6TH |
Hendersonville Hitmen batting - Pitching for Nassau Rockets : RHP Jason Drake
|
Batting: RHB Taylor McFarland
|
0-0: Foul Ball, location: 2F 0-1: Ball 1-1: Ground out 4-3 (Groundball, 4M)
|
Batting: RHB Carlos García
|
0-0: Fly out, F9 (Flyball, 9D)
|
Batting: RHB Robert Buckley
|
0-0: Ball 1-0: Swinging Strike 1-1: Called Strike 1-2: Strikes out looking
|
Bottom of the 6th over - 0 run(s), 0 hit(s), 0 error(s), 0 left on base; Nassau 1 - Hendersonville 1 |
TOP OF THE 7TH |
Nassau Rockets batting - Pitching for Hendersonville Hitmen : RHP Samuel Émond
|
Batting: RHB Ed Sims
|
0-0: Foul Ball, location: 2F 0-1: Swinging Strike 0-2: Ball 1-2: Ground out 1-3 (Groundball, 15)
|
Batting: RHB Victor Andrews
|
0-0: Called Strike 0-1: SINGLE (Flyball, 78S)
|
Pitching: RHP Robinson Gonzáles
|
|
Pinch Hitting: SHB Dave MacThomas
|
0-0: Foul Ball, location: 2F 0-1: Swinging Strike 0-2: Ball 1-2: Ball 2-2: Ball 3-2: Strikes out swinging
|
Pinch Hitting: RHB Felipe Rivera
|
0-0: Swinging Strike 0-1: Swinging Strike 0-2: Strikes out looking
|
Top of the 7th over - 0 run(s), 1 hit(s), 0 error(s), 1 left on base; Nassau 1 - Hendersonville 1 |
BOTTOM OF THE 7TH |
Hendersonville Hitmen batting - Pitching for Nassau Rockets : RHP Jason Drake
|
Now at SS: Dave MacThomas
|
|
Now in RF: Felipe Rivera
|
|
Batting: RHB Manolo Román
|
0-0: Ball 1-0: Foul Ball, location: 2F 1-1: SINGLE (Groundball, 6MD)
|
Batting: LHB Lorenzo Villa
|
0-0: Called Strike 0-1: Foul Ball, location: 2F 0-2: Fly out, F5 (Popup, 6)
|
Pinch Hitting: SHB David Johnstone
|
0-0: Swinging Strike 0-1: Fly out, F7 (Flyball, 7LM)
|
Batting: LHB Jerry Johnston
|
0-0: Called Strike 0-1: Ball 1-1: Swinging Strike 1-2: Ball 2-2: Fly out, F9 (Line Drive, 9M)
|
Bottom of the 7th over - 0 run(s), 1 hit(s), 0 error(s), 1 left on base; Nassau 1 - Hendersonville 1 |
TOP OF THE 8TH |
Nassau Rockets batting - Pitching for Hendersonville Hitmen : RHP Robinson Gonzáles
|
Now in RF: David Johnstone
|
|
Batting: RHB Sadayoshi Kato
|
0-0: Ball 1-0: Swinging Strike 1-1: Foul Ball, location: 2F 1-2: Strikes out swinging
|
Batting: SHB Howard Parker
|
0-0: Ball 1-0: Fly out, F7 (Flyball, 8LM)
|
Batting: LHB Alden Lindsey
|
0-0: Called Strike 0-1: Called Strike 0-2: Ball 1-2: Foul Ball, location: 2F 1-2: Ball 2-2: Foul Ball, location: 2F 2-2: Foul Ball, location: 2F 2-2: Fly out, F4 (Line Drive, 4)
|
Top of the 8th over - 0 run(s), 0 hit(s), 0 error(s), 0 left on base; Nassau 1 - Hendersonville 1 |
BOTTOM OF THE 8TH |
Hendersonville Hitmen batting - Pitching for Nassau Rockets : RHP Jason Drake
|
Batting: LHB Enrique Nalasco
|
0-0: Ball 1-0: Ball 2-0: Called Strike 2-1: Ball 3-1: Base on Balls
|
Pitching: RHP Juan Franco
|
|
Batting: RHB Junior Vargas
|
0-0: Foul Ball, location: 2F 0-1: Called Strike 0-2: Ball 1-2: Foul Ball, location: 2F 1-2: Strikes out swinging
|
Batting: RHB Taylor McFarland
|
0-0: Swinging Strike Enrique Nalasco steals 2nd base 0-1: Ball 1-1: Ball 2-1: Foul Ball, location: 2F 2-2: SINGLE (Groundball, 4D) Enrique Nalasco to third Runner from 3rd tries for Home, SAFE, no throw or cutoff
|
Batting: RHB Carlos García
|
0-0: Called Strike 0-1: DOUBLE (Groundball, 3L) Taylor McFarland to third
|
Batting: RHB Robert Buckley
|
0-0: Swinging Strike 0-1: Called Strike 0-2: Ball 1-2: Ball 2-2: Ball 3-2: Foul Ball, location: 2F 3-2: Strikes out looking
|
Batting: RHB Manolo Román
|
0-0: Called Strike 0-1: Foul Ball, location: 2F 0-2: Ball 1-2: Strikes out looking
|
Bottom of the 8th over - 1 run(s), 2 hit(s), 0 error(s), 2 left on base; Nassau 1 - Hendersonville 2 |
TOP OF THE 9TH |
Nassau Rockets batting - Pitching for Hendersonville Hitmen : RHP Robinson Gonzáles
|
Pitching: RHP Edward Cadle
|
|
Batting: LHB Jarred Jackson
|
0-0: Ball 1-0: Called Strike 1-1: Ball 2-1: Foul Ball, location: 2F 2-2: Ball 3-2: Fly out, F5 (Popup, 5SF)
|
Batting: SHB Suezo Sugimoto
|
0-0: Foul Ball, location: 2F 0-1: Ball 1-1: Ball 2-1: Foul Ball, location: 2F 2-2: Strikes out swinging
|
Batting: RHB Ed Sims
|
0-0: Foul Ball, location: 2F 0-1: Hit by Pitch
|
Batting: RHB Victor Andrews
|
0-0: Ball 1-0: Foul Ball, location: 2F 1-1: Ball 2-1: Foul Ball, location: 2F 2-2: Fielders Choice at 2nd, 4-6 (Groundball, 6M)
|
Top of the 9th over - 0 run(s), 0 hit(s), 0 error(s), 0 left on base; Nassau 1 - Hendersonville 2 |
|